 Dungeon Crawl Stone Soup version 0.28.0-43-g3370ac3207 (webtiles) character file.

Game seed: 8876840631379657061

866 Ekaitz the Firebug (level 7, -1/51 HPs)
             Began as a Demonspawn Fire Elementalist on Mar 4, 2022.
             Was an Initiate of Makhleb.
             Slain by a wight
             ... wielding a +0 halberd
              (13 damage)
             ... on level 6 of the Dungeon.
             The game lasted 00:13:21 (3954 turns).

Ekaitz the Firebug (Demonspawn Fire Elementalist)   Turns: 3954, Time: 00:13:22

Health: -1/51      AC:  5    Str:  8    XL:     7   Next: 72%
Magic:  3/12       EV: 13    Int: 16    God:    Makhleb [......]
Gold:   196        SH:  5    Dex: 16    Spells: 4/13 levels left

rFire   . . .      SeeInvis .   b - +0 short sword
rCold   . . .      Faith    .   (no shield)
rNeg    . . .      Spirit   .   a - +0 robe
rPois   .          Reflect  +   q - +1 helmet
rElec   .          Harm     .   o - +0 cloak
rCorr   .          Rampage  .   (no gloves)
Will    .....                   (no boots)
Stlth   ++........              g - amulet of reflection
HPRegen 0.17/turn               (no ring)
MPRegen 0.13/turn               (no ring)

@: no status effects
A: ignite blood 1, demonic touch 2
a: Renounce Religion


You were on level 6 of the Dungeon.
You worshipped Makhleb.
Makhleb was noncommittal.
You visited 2 branches of the dungeon, and saw 6 of its levels.

You collected 196 gold pieces.

Inventory:

Hand Weapons
 b - a +0 short sword (weapon)
 r - a +0 hunting sling
 s - a +0 trident
Missiles
 h - 83 stones
Armour
 a - a +0 robe (worn)
 o - a +0 cloak (worn)
 q - a +1 helmet (worn)
Jewellery
 g - an amulet of reflection (around neck)
Wands
 p - a wand of flame (21)
Scrolls
 c - a scroll of teleportation {unknown}
 e - 5 scrolls of identify {unknown}
 j - a scroll of amnesia {unknown}
 l - a scroll of vulnerability {unknown}
 m - 2 scrolls of fear {unknown}
 n - a scroll of fog {unknown}
Potions
 d - a potion of attraction {unknown}
 f - a potion of cancellation {unknown}
 i - a potion of haste {unknown}
 k - 2 potions of curing


   Skills:
 * Level 2.7 Fighting
 + Level 1.2 Short Blades
 * Level 3.0 Dodging
 + Level 2.5 Stealth
 + Level 0.6 Shields
 + Level 3.7 Spellcasting
 * Level 3.2 Conjurations
 * Level 2.5 Hexes
 + Level 4.3 Fire Magic
 * Level 0.6 Invocations
 * Level 1.9 Evocations


You had 4 spell levels left.
You knew the following spells:

 Your Spells              Type           Power      Damage    Failure   Level
a - Foxfire               Conj/Fire      60%        2x1d7     3%          1
b - Scorch                Fire           32%        2d7       4%          2
c - Inner Flame           Hex/Fire       14%        N/A       13%         3
d - Conjure Flame         Conj/Fire      15%        6-21      11%         3

Your spell library contained the following spells:

 Spells                   Type           Power      Damage    Failure   Level
 Sandblast                Erth           4%         2d4       17%         1
 Flame Wave               Conj/Fire      15%        2d6       36%         4
 Animate Armour           Summ/Erth      4%         N/A       86%         4
 Animate Dead             Necr           1%         N/A       86%         4
 Haunt                    Necr/Summ      1%         N/A       100%        7
 Infestation              Necr           1%         N/A       100%        8


Dungeon Overview and Level Annotations

Branches:
Dungeon (6/15)             Temple (1/1) D:6

Altars:
Ashenzari
Cheibriados
Elyvilon
Fedhas
Gozag
Hepliaklqana
Kikubaaqudgha
Makhleb
Nemelex Xobeh
Okawaru
Uskayaw
Yredelemnul
Zin
The Shining One


Innate Abilities, Weirdness & Mutations

Your demonic aura sometimes causes spilled blood to erupt in flames.
Your touch may inflict irresistible damage on your foes.


Message History

The puff of frost misses you. The puff of frost hits your foxfire!
A wight comes into view.
It is wielding a +3 long sword of freezing and wearing a +1 robe of cold resistance.
The centaur zombie closely misses you.
The centaur zombie completely misses you.
You closely miss the white imp.
The white imp is severely wounded.
The foxfire hits the white imp.
The white imp is almost dead.
The foxfire hits the centaur zombie!
The centaur zombie is burned terribly!
The centaur zombie is almost destroyed.
The white imp gestures at you. The puff of frost hits you.
The centaur zombie barely misses you.
The centaur zombie kicks you but does no damage.
The centaur zombie misses you.
The centaur zombie kicks you but does no damage.
The white imp gestures at you. The puff of frost hits you!
* * * LOW HITPOINT WARNING * * *
The centaur zombie hits you but does no damage.
The centaur zombie kicks you but does no damage.
The centaur zombie misses you. The centaur zombie kicks you.
* * * LOW HITPOINT WARNING * * *
Unknown command.
Found 8 gold pieces.
The centaur zombie hits you.
* * * LOW HITPOINT WARNING * * *
You block the centaur zombie's attack.
The centaur zombie is no longer more vulnerable to fire.
The centaur zombie hits you but does no damage.
The centaur zombie kicks you but does no damage.
The centaur zombie hits you.
* * * LOW HITPOINT WARNING * * *
You block the centaur zombie's attack.
A wight comes into view. It is wielding a +0 halberd.
Found 10 gold pieces.
The helpless wight fails to defend itself.
You puncture the wight!
The wight is severely damaged.
The wight hits you with a +0 halberd!
You die...

##.#........##...
#........z.......
##...z...###.....
#...z.#### #.....
##.5#.# # #....#
####Z### #.#..#..
####..z..# #....#.#
#..z.....## #....##..
....##@.....##.z.......
........................
...............#........
...............#..###...
.........#.....### ##...
...###...#...... #....
.$# .....#.....#####....
## #..##........#.##...
###...#.$.............


You could see 4 wights, a white imp and a centaur zombie.

Vanquished Creatures
  Sigmund (D:3)
  2 black bears (D:6)
  2 scorpions (D:6)
  A bullfrog (D:6)
  A water moccasin zombie (D:6)
  A jelly (D:3)
  A bullfrog skeleton (D:6)
  Natasha (thrice) (D:3)
  2 iguanas (D:6)
  A howler monkey skeleton (D:6)
  Robin (D:3)
  2 adders
  An ufetubus (D:6)
  An adder zombie (D:3)
  A dart slug (D:3)
  An orc (D:3)
  6 endoplasms
  A giant cockroach (D:1)
  7 goblins
  4 hobgoblins
  7 jackals (D:1)
  6 kobolds
  2 quokkas
  2 ball pythons
  5 bats
  6 frilled lizards
  5 rats
73 creatures vanquished.

Vanquished Creatures (others)
  207 foxfires
  A plant (D:6)
208 creatures vanquished.

Grand Total: 281 creatures vanquished

Notes
Turn   | Place    | Note
-------+----------+-------------------------------------------
     0 | D:1      | Ekaitz the Demonspawn Fire Elementalist began the quest for
                  | the Orb.
     0 | D:1      | Reached XP level 1. HP: 13/13 MP: 3/3
    70 | D:1      | Reached skill level 3 in Fire Magic
   433 | D:1      | Gained mutation: Your demonic aura sometimes causes spilled
                  | blood to erupt in flames. [demonic ancestry]
   433 | D:1      | Reached XP level 2. HP: 17/19 MP: 0/5
   683 | D:1      | Learned a level 2 spell: Scorch
  1203 | D:1      | Reached XP level 3. HP: 2/25 MP: 0/6
  1504 | D:1      | Learned a level 3 spell: Inner Flame
  1556 | D:1      | Found a faded altar of an unknown god.
  1561 | D:1      | Got Plato's Handbook of Earth
  1825 | D:2      | Got Sif Muna's Tome of Summoning and the Blaze
  2731 | D:3      | Noticed Natasha
  2747 | D:3      | Killed Natasha
  2748 | D:3      | Reached XP level 4. HP: 31/31 MP: 0/7
  2812 | D:3      | Noticed Sigmund
  2822 | D:3      | Killed Sigmund
  2823 | D:3      | Reached skill level 1 in Fighting
  2823 | D:3      | Reached skill level 1 in Hexes
  2823 | D:3      | Gained mutation: Your touch may inflict minor irresistible
                  | damage on your foes. [demonic ancestry]
  2823 | D:3      | Reached XP level 5. HP: 37/37 MP: 0/9
  2823 | D:3      | Noticed Natasha
  2931 | D:3      | Found a broken altar of Ashenzari.
  3004 | D:3      | Gained mutation: Your touch may inflict irresistible damage
                  | on your foes. [demonic ancestry]
  3004 | D:3      | Reached XP level 6. HP: 26/44 MP: 4/10
  3015 | D:3      | Noticed Robin
  3041 | D:4      | Noticed Ijyb
  3092 | D:3      | Killed Robin
  3307 | D:3      | Learned a level 3 spell: Conjure Flame
  3386 | D:3      | Killed Natasha
  3491 | D:3      | Noticed Natasha
  3496 | D:3      | Killed Natasha
  3609 | D:3      | You fall into a shaft and drop 3 floors!
  3626 | D:6      | Reached skill level 4 in Fire Magic
  3631 | D:6      | Reached skill level 1 in Short Blades
  3650 | D:6      | Reached XP level 7. HP: 21/50 MP: 0/12
  3748 | D:6      | Reached skill level 1 in Evocations
  3819 | D:6      | Found a staircase to the Ecumenical Temple.
  3842 | Temple   | Entered the Ecumenical Temple
  3897 | Temple   | Became a worshipper of Makhleb the Destroyer
  3954 | D:6      | Slain by a wight

Illustrated notes

Levels and vault maps discovered:
D:1:      dpeg_arrival_simpleton_b, layout_rooms,
          shapermc_ecumenical_altar_rom_forum
D:2:      layout_rooms, kennysheep_big_empty_room
D:3:      layout_rooms, nicolae_ashenzari_panopticon, minmay_cupped, uniq_robin,
          uniq_natasha, uniq_sigmund
D:4:      layout_basic, tgw_xom, uniq_grinder, uniq_ijyb
D:6:      minmay_evil_eye, layout_cave_pools,
          minmay_temple_entry_gardened_gates, gup_sewer_entry_spiral
Temple:   eino_narrow_crystal_temple

Skill      XL: |  1  2  3  4  5  6  7 |
---------------+----------------------+-----
Fire Magic     | 3 4 |  4.3
Dodging        | 2 3 |  3.0
Stealth        | 2 |  2.5
Fighting       | 1 2 |  2.7
Conjurations   | 2 3 |  3.2
Hexes          | 1 2 |  2.5
Spellcasting   | 3 |  3.7
Short Blades   | 1 |  1.2
Evocations     | 1 |  1.9
Shields        | |  0.6
Invocations    | |  0.6

Action                   |  1- 3 |  4- 6 |  7- 9 || total
-------------------------+-------+-------+-------++-------
Melee: Short sword       |    23 |    25 |    14 ||    62
       Punch             |     1 |       |     1 ||     2
       Touch             |       |     3 |     3 ||     6
 Cast: Foxfire           |    64 |    33 |    17 ||   114
       Scorch            |     7 |     9 |    10 ||    26
 Stab: Sleeping          |     3 |     2 |     1 ||     6
Armor: Robe              |    16 |    21 |    17 ||    54
Dodge: Dodged            |    57 |    29 |    36 ||   122
Block: Other             |     2 |    12 |    13 ||    27
       Reflection        |       |       |     1 ||     1
